 Dungeon Crawl Stone Soup version 0.28-a0-630-g0357d9c091 (webtiles) character file.

Game seed: 10527991664678804280

2928 vcds the Unseen (level 9, -7/40 HPs)
             Began as a Spriggan Enchanter on Oct 9, 2021.
             Was an Initiate of Dithmenos.
             Shot with an arrow by a centaur (12 damage)
             ... on level 8 of the Dungeon.
             The game lasted 00:19:21 (10582 turns).

vcds the Unseen (Spriggan Enchanter)               Turns: 10582, Time: 00:19:21

Health: -7/40      AC:  5    Str:  5    XL:     9   Next: 50%
Magic:  18/21      EV: 18    Int: 16    God:    Dithmenos [......]
Gold:   478        SH:  0    Dex: 20    Spells: 15/23 levels left

rFire   + . .      SeeInvis +   g - +4 dagger (freeze)
rCold   . . .      Faith    .   (shield restricted)
rNeg    . . .      Spirit   .   b - +1 robe
rPois   .          Reflect  .   d - +1 hat "Kyock" {+Inv Dex+4}
rElec   .          Harm     .   s - +0 cloak
rCorr   .          Rampage  .   (gloves unavailable)
Will    +....                   (boots unavailable)
Stlth   ++++++++..              (no amulet)
HPRegen 0.00/turn               c - ring of protection from fire
MPRegen 0.17/turn               (no ring)

@: inhibited regen, very quick
A: very small, no large weapons, unfitting armour, see invisible, speed 3,
inhibited regeneration, weak 1, noise suppression
a: Renounce Religion, Evoke Invisibility


You were on level 8 of the Dungeon.
You worshipped Dithmenos.
Dithmenos was noncommittal.
You visited 2 branches of the dungeon, and saw 9 of its levels.

You collected 478 gold pieces.

Inventory:

Hand Weapons
 a - a +1 dagger of draining
 g - a +4 dagger of freezing (weapon)
Armour
 b - a +1 robe (worn)
 d - the +1 hat "Kyock" (worn) {+Inv Dex+4}
   (You acquired it on level 2 of the Dungeon)

   Dex:       It affects your dexterity (+4).
   +Inv:      It lets you turn invisible.
 s - a +0 cloak (worn)
Jewellery
 c - a ring of protection from fire (left hand)
 h - a ring of flight
 j - a ring of fire
 o - a ring of fire
 p - an amulet of regeneration
Wands
 t - a wand of flame (20)
 u - a wand of digging (2)
Scrolls
 f - a scroll of blinking
 i - 2 scrolls of amnesia
 l - a scroll of teleportation
 n - a scroll of identify
Potions
 e - 4 potions of curing
 k - 2 potions of haste
 m - a potion of might
 q - a potion of attraction
 r - a potion of ambrosia


   Skills:
 + Level 0.9 Fighting
 + Level 1.9 Short Blades
 + Level 3.3 Dodging
 + Level 19.7 Stealth
 + Level 7.7 Spellcasting
 + Level 8.1 Hexes


You had 15 spell levels left.
You knew the following spells:

 Your Spells              Type           Power      Damage    Failure   Level
a - Ensorcelled Hibernat  Hex/Ice        38%        N/A       3%          2
b - Tukima's Dance        Hex            32%        N/A       1%          3
c - Dazzling Flash        Conj/Hex       38%        N/A       6%          3

Your spell library contained the following spells:

 Spells                   Type           Power      Damage    Failure   Level
 Slow                     Hex            32%        N/A       1%          2
 Confusing Touch          Hex            32%        N/A       1%          3
 Summon Guardian Golem    Hex/Summ       19%        N/A       6%          3
 Summon Small Mammal      Summ           24%        N/A       12%         1
 Corpse Rot               Necr/Air       N/A        N/A       17%         2
 Poisonous Vapours        Pois/Air       12%        N/A       17%         2
 Fulminant Prism          Conj/Hex       9%         3d7       22%         4
 Call Canine Familiar     Summ           6%         N/A       34%         3
 Yara's Violent Unravell  Hex/Tmut       9%         3d6       52%         5
 Iskenderun's Mystic Bla  Conj/Tloc      6%         2d4       75%         4
 Lee's Rapid Deconstruct  Erth           3%         3d6*      97%         5


Dungeon Overview and Level Annotations

Branches:
Dungeon (8/15)             Temple (1/1) D:7
   Lair: D:8-11

Altars:
Ashenzari
Cheibriados
Dithmenos
Fedhas
Gozag
Hepliaklqana
Kikubaaqudgha
Nemelex Xobeh
Qazlal
Ru
Trog
Uskayaw
Vehumet
Wu Jian
Xom
Zin
The Shining One

Shops:
D:1 [   D:8 =

Annotations:
D:8 1 transporter


Innate Abilities, Weirdness & Mutations

You are very small and have problems with some larger weapons.
You are too small for most types of armour.
You have supernaturally acute eyesight. (SInv)
You cover ground extremely quickly. (Speed+++)
You do not regenerate when monsters are visible.
You are weak. (Str -2)
You passively dampen the noise of your surroundings.


Message History

Orders for allies: a - Attack new target. r - Retreat! s - Stop attacking. g - Guard the area. f - Follow me.
Anything else - Cancel.
You shout for attention!
The centaur shouts!
You hear an angry hiss.
You close the door.
You start waiting.
A centaur opens the door.
Casting: Ensorcelled Hibernation (safe; 3% risk of failure)
Confirm with . or Enter, or press ? or * to list all spells.
Aiming: Ensorcelled Hibernation (safe; 3% risk of failure)
Press: ? - help, Shift-Dir - straight line, f - centaur
Aim: a centaur, quivering arrows (chance to affect: 50%)
The centaur resists with some effort.
The centaur wields a +3 shortbow of freezing.
It is covered in frost.
The centaur shoots an arrow.
The arrow hits you! The arrow freezes you.
The centaur shoots an arrow.
The arrow closely misses you.
Casting: Ensorcelled Hibernation (safe; 3% risk of failure)
Confirm with . or Enter, or press ? or * to list all spells.
Aiming: Ensorcelled Hibernation (safe; 3% risk of failure)
Press: ? - help, Shift-Dir - straight line, f/p - centaur
Aim: a centaur, wielding a +3 shortbow of freezing and quivering arrows (chance to affect: 50%)
The centaur resists with some effort.
The steam dragon hisses angrily.
The centaur shoots an arrow.
The arrow closely misses you.
You close the door.
A centaur opens the door.
The centaur shoots an arrow.
The arrow barely misses you.
You close the door.
A centaur breaks down the door.
It's broken and can't be closed.
The centaur shoots an arrow.
The arrow hits you. The arrow freezes you.
Items here: ( )))) ÷.
Okay, then.
Unknown command.
The centaur shoots an arrow.
The arrow hits you!
* * * LOW HITPOINT WARNING * * *
The arrow freezes you.
* * * LOW HITPOINT WARNING * * *
The centaur shoots an arrow.
The arrow hits you!
You die...

###. #.# ...###.# ###......
#.....#.#
#.....#.############
#..................# #
#.....#.##########.# #
#........## #.# .#
###.#..@..# ##.# # ##...##
###..## ... ##.## #.....#
#.# #)# ####### ..#.# #.#
#...# .##.# ######c## #.>.#
###.# ####.....D.#####
#...# #.####..............#
#.∩.#
#.##.#..##..##..##..###...#


You could see a steam dragon and a centaur.

Vanquished Creatures
  A hornet (D:6)
  A water moccasin (D:7)
  An ice beast (D:6)
  A black bear (D:6)
  A sky beast (D:6)
  3 necrophages
  2 ogres
  A centaur (D:5)
  A phantom (D:5)
  A kobold brigand (D:8)
  A bullfrog (D:7)
  A wyvern zombie (D:5)
  2 scorpions
  A water moccasin zombie (D:6)
  2 wyvern skeletons (D:5)
  A wight (D:8)
  3 electric eels (D:7)
  A howler monkey (D:7)
  2 centaur zombies
  2 centaur skeletons
  A gnoll shaman (D:5)
  3 hounds
  A bullfrog skeleton (D:6)
  An orc wizard (D:6)
  3 iguanas
  10 gnolls
  6 adders
  A shadow imp (D:8)
  A white imp (D:8)
  2 ufetubi
  4 worms
  12 orcs
  6 bats
  5 endoplasms
  3 giant cockroaches
  19 goblins
  16 hobgoblins
  11 jackals
  19 kobolds
  7 quokkas
  3 ball pythons
  2 frilled lizards (D:1)
  A quokka skeleton (D:4)
  6 rats
172 creatures vanquished.

Vanquished Creatures (collateral kills)
  3 wights (D:8)
3 creatures vanquished.

Vanquished Creatures (others)
  3 dancing weapons (D:5)
  25 plants
28 creatures vanquished.

Grand Total: 203 creatures vanquished

Notes
Turn   | Place    | Note
-------+----------+-------------------------------------------
     0 | D:1      | vcds the Spriggan Enchanter began the quest for the Orb.
     0 | D:1      | Reached XP level 1. HP: 9/9 MP: 5/5
   555 | D:1      | Reached XP level 2. HP: 13/13 MP: 7/7
   558 | D:1      | Learned a level 2 spell: Ensorcelled Hibernation
  1178 | D:1      | Found Gudoz's Armour Shop.
  1868 | D:2      | Reached XP level 3. HP: 16/16 MP: 9/9
  1872 | D:2      | Learned a level 3 spell: Tukima's Dance
  1876 | D:2      | Learned a level 3 spell: Dazzling Flash
  2050 | D:1      | You fall into a shaft and drop 1 floor!
  2050 | D:2      | Found a faded altar of an unknown god.
  2447 | D:2      | Identified a scroll of acquirement
  2447 | D:2      | Acquired the +1 hat "Kyock" {+Inv Dex+4}
  2512 | D:2      | Gained mutation: You are weak. (Str -2) [potion of
                  | mutation]
  2512 | D:2      | Gained mutation: You do not regenerate when monsters are
                  | visible. [potion of mutation]
  2512 | D:2      | Gained mutation: You passively dampen the noise of your
                  | surroundings. [potion of mutation]
  2640 | D:3      | Reached XP level 4. HP: 17/21 MP: 11/11
  2721 | D:3      | You fall into a shaft and drop 3 floors!
  2721 | D:6      | Noticed a black bear
  2721 | D:6      | Found a broken altar of Ashenzari.
  2742 | D:6      | Killed a black bear
  2743 | D:6      | Reached skill level 5 in Spellcasting
  2743 | D:6      | Reached skill level 5 in Hexes
  2743 | D:6      | Reached XP level 5. HP: 24/24 MP: 11/13
  3089 | D:5      | Entered Level 5 of the Dungeon
  3095 | D:5      | Noticed a phantom
  3097 | D:5      | Reached XP level 6. HP: 28/28 MP: 13/15
  3215 | D:6      | Found a shimmering altar of Xom.
  3264 | D:4      | Found an ornate altar of the Wu Jian Council.
  3575 | D:3      | Reached skill level 19 in Stealth
  3575 | D:3      | Reached XP level 7. HP: 32/32 MP: 17/17
  4940 | D:4      | Found an ancient bone altar of Kikubaaqudgha.
  5252 | D:5      | Reached XP level 8. HP: 36/36 MP: 18/18
  5366 | D:5      | Found a hazy altar of Hepliaklqana.
  5596 | D:5      | Found a blossoming altar of Fedhas.
  6151 | D:6      | Noticed a hornet
  6157 | D:6      | Killed a hornet
  7049 | D:6      | Identified the +4 falchion of Spontaneous Combustion {elec,
                  | *Corrode rN+ Str+3}
  7867 | D:7      | Reached XP level 9. HP: 39/39 MP: 17/20
  8360 | D:7      | Found a glowing silver altar of Zin.
  8380 | D:7      | Found a staircase to the Ecumenical Temple.
  8405 | Temple   | Entered the Ecumenical Temple
  8536 | Temple   | Became a worshipper of Dithmenos the Shadowed
  9604 | D:5      | Found a glowing golden altar of the Shining One.
  9843 | D:8      | Found a sacrificial altar of Ru.
  9941 | D:8      | Found a transporter.
 10054 | D:8      | Found Yvask's Jewellery Shoppe.
 10582 | D:8      | Shot with an arrow by a centaur

Illustrated notes

Levels and vault maps discovered:
D:1:      matt_arrival_refuge, layout_basic, serial_shops, shop_fountains,
          minmay_cupped
D:2:      layout_rooms, shapermc_ecumenical_altar_starsandcircs
D:3:      layout_loops_corners
D:4:      layout_rooms, kiku_gazebo_garden_becter,
          mainiacjoe_overflow_boulevard, serial_bayou_pond_a
D:5:      wad_woods_pond, layout_cave_pods, fedhas_altar_4, tso_oasis_becter,
          mainiacjoe_overflow_six_doors_small
D:6:      corexii_shantytown, layout_loops_corners,
          mainiacjoe_overflow_concentric_impassable, lemuel_doored_altar,
          grunt_decor_mini_mirrors
D:7:      layout_rooms, zin_scriptorium, temple_green, serial_bayou,
          serial_bayou_shore_b, serial_bayou_pond_d, serial_bayou_ford_a,
          serial_bayou_pond_a, serial_bayou_shore_b, serial_bayou_pond_b,
          minmay_misc_feat_doors
D:8:      layout_loops_corners, amcnicky_altar_gilded, serial_shops,
          nicolae_take_the_stairs, gammafunk_ghost_stat_death,
          grunt_ministairs_1, palyth_stone_intersect
Temple:   nicolae_temple_figure_eight

Skill      XL: |  1  2  3  4  5  6  7  8  9 |
---------------+----------------------------+-----
Spellcasting   | 3 4 5 6 7 |  7.7
Hexes          | 4 5 6 7 8 |  8.1
Stealth        | 19 | 19.7
Dodging        | 3 |  3.3
Fighting       | |  0.9
Short Blades   | |  1.9

Action                   |  1- 3 |  4- 6 |  7- 9 || total
-------------------------+-------+-------+-------++-------
Melee: Dagger            |   169 |    65 |   325 ||   559
 Cast: Ensorcelled Hiber |    18 |     4 |    16 ||    38
       Tukima's Dance    |       |       |    13 ||    13
       Dazzling Flash    |       |       |     2 ||     2
Evoke: Wand              |       |       |     6 ||     6
  Use: Scroll            |     6 |     4 |    10 ||    20
       Potion            |     1 |     2 |     1 ||     4
 Stab: Sleeping          |    19 |     5 |    68 ||    92
       Distracted        |     1 |       |     1 ||     2
       Invisible         |       |     1 |     1 ||     2
Armor: Robe              |    18 |     7 |    44 ||    69
Dodge: Dodged            |   163 |    61 |   258 ||   482

Table legend: (Time is in decaauts)
 A = Elapsed time spent in this place.
 B = Non-inter-level travel time spent in this place.
 C = Inter-level travel time spent in this place.
 D = Time resting spent in this place.
 E = Time spent auto-exploring this place.
 F = Levels seen in this place.
 G = Mean time per level.
                   A        B        C        D        E       F      G
               +--------+--------+--------+--------+--------+-----+--------+
         Total |   8344 |   8169 |    175 |   1746 |   4928 |   9 |  927.1 |
       Dungeon |   8246 |   8085 |    161 |   1746 |   4848 |   8 | 1030.8 |
        Temple |     97 |     84 |     13 |      0 |     80 |   1 |   97.0 |
               +--------+--------+--------+--------+--------+-----+--------+

Top non-repeatable levels by time:
     D:6: 1641 daAuts
     D:5: 1355 daAuts
     D:1: 1267 daAuts
     D:3: 1218 daAuts
     D:2: 894 daAuts
     D:7: 889 daAuts
     D:8: 618 daAuts
     D:4: 362 daAuts
  Temple: 97 daAuts
